 Dungeon Crawl Stone Soup version 0.20-a0-59-g66a9409 (webtiles) character file.

167 Faca the Shield-Bearer (level 5, -2/33 HPs)
             Began as a Gargoyle Fighter on Nov 16, 2016.
             Slain by a quokka (4 damage)
             ... on level 3 of the Dungeon.
             The game lasted 00:16:39 (2671 turns).

Faca the Shield-Bearer (Gargoyle Fighter)           Turns: 2671, Time: 00:16:40

Health: -2/33      AC: 10    Str: 19    XL:     5   Next: 48%
Magic:  5/5        EV:  9    Int:  9    God:
Gold:   148        SH: 10    Dex: 15    Spells: 0 memorised, 4 levels left

rFire  . . .     SeeInvis .     a - +0 flail
rCold  . . .     Gourm    +     i - +0 ring mail (curse)
rNeg   + . .     Faith    .     r - +0 shield
rPois  ∞         Spirit   .     (no helmet)
rElec  +         Reflect  .     (no cloak)
rCorr  .         Harm     .     (no gloves)
MR     .....                    (no boots)
Stlth  +.........               m - amulet of the gourmand
                                k - +5 ring of dexterity
                                q - +1 ring of protection

@: no status effects
A: negative energy resistance 1, electricity resistance, unbreathing,
petrification resistance, rot immunity, AC +4
a: no special abilities


You were on level 3 of the Dungeon.
You were not hungry.

You visited 1 branch of the dungeon, and saw 4 of its levels.

You collected 148 gold pieces.

Inventory:

Hand Weapons
 a - a +0 flail (weapon)
 u - a +0 great mace
Armour
 i - a cursed +0 ring mail (worn)
 j - a +3 scale mail
 p - a +0 chain mail
 r - a +0 shield (worn)
Jewellery
 e - an uncursed ring of flight
 k - a +5 ring of dexterity (right hand)
 m - an amulet of the gourmand (around neck)
 q - a +1 ring of protection (left hand)
Scrolls
 l - 2 scrolls of fog
Potions
 c - 2 potions of cancellation
 d - 2 potions of might
 g - a potion of brilliance {unknown}
 h - 3 potions of lignification {unknown}
 n - a potion of degeneration {unknown}
 o - 2 potions of agility {unknown}
 s - a potion of resistance {unknown}
 t - a potion of flight {unknown}
Comestibles
 b - a meat ration
 f - a bread ration


   Skills:
 + Level 3.8 Fighting
 + Level 3.5 Maces & Flails
 + Level 4.0 Armour
 + Level 1.1 Dodging
 + Level 0.2 Stealth
 + Level 4.3 Shields


You had 4 spell levels left.
You didn't know any spells.

Dungeon Overview and Level Annotations

Branches:
Dungeon (4/15)
 Temple: D:4-7

Altars:

Annotations:
D:4 superterranean's ghost, amateur DECj


Innate Abilities, Weirdness & Mutations

You are resistant to torment.
Your stone body is resilient. (AC +4)
You are immune to poison.
You resist negative energy. (rN+)
You are resistant to electric shocks. (rElec)
You can survive without breathing.
You are immune to petrification.
You are immune to rotting.


Message History

The adder closely misses you.
You hit superterranean's ghost but do no damage.
Superterranean's ghost is moderately damaged.
Superterranean's ghost casts a spell at you.
The magic dart hits you!
* * * LOW HITPOINT WARNING * * *
The quokka barely misses you. You block the adder's attack.
Superterranean's ghost hits you but does no damage.
The quokka bites you but does no damage.
The adder completely misses you. You block the quokka's attack.
Superterranean's ghost hits you.
* * * LOW HITPOINT WARNING * * *
x2 You block the adder's attack.
You climb upwards.
There is a stone staircase leading down here.
Unknown command.
Your shield and ring mail prevent you from hitting the adder.
You block the quokka's attack. You block the adder's attack.
You closely miss the adder. You block the adder's attack. The quokka bites you.
You die...

..............# #.......# ##.#.#.
.....#######..# #.###..## ##...#
.##.## #..# #......# ##.## .####
#..###.###.## #<.. .# #......#
#.# #### '## #...#### #.# # ..##
#.#.# #.# ## ...## ####.#.####
#.#### ##. ....## #....#.S@r#
#.##.## ##..
.....####.#######.###.#...####...
.....'.......#...............'...
.....####....#.######.#...####...
....## ##.#.#.# #.##.## ##..
...## ###...# #)#### ##. ..##
#.### #)# ## '## #.# #.#### # .#
#.# #....#


You could see an adder and a quokka.

Vanquished Creatures
  An orc priest (D:3)
  An orc wizard (D:3)
  3 adders
  A worm (D:2)
  2 dart slugs (D:1)
  2 leopard geckos
  7 orcs (D:3)
  9 bats
  5 giant cockroaches
  7 goblins
  7 hobgoblins
  10 jackals
  3 kobolds
  3 frilled lizards
  5 rats
66 creatures vanquished.

Notes
Turn   | Place    | Note
-------+----------+-------------------------------------------
     0 | D:1      | Faca the Gargoyle Fighter began the quest for the Orb.
     0 | D:1      | Reached XP level 1. HP: 14/14 MP: 1/1
   134 | D:1      | Reached XP level 2. HP: 19/19 MP: 2/2
   636 | D:1      | Reached XP level 3. HP: 23/23 MP: 3/3
  1398 | D:2      | Reached XP level 4. HP: 26/29 MP: 4/4
  1887 | D:3      | Reached skill level 1 in Dodging
  1948 | D:3      | Reached XP level 5. HP: 33/33 MP: 5/5
  2649 | D:4      | Noticed superterranean's ghost (amateur DECj)
  2671 | D:3      | Slain by a quokka

Vault maps used:
D:1:      lemuel_arrival_behind_the_door_large, corexii_leaking_fountain,
          minmay_misc_feat_nine_boxes, minmay_tree_intersection, minmay_cut_off
D:2:      grunt_ministairs_2
D:4:      led_sif_book, grunt_ministairs_10, trog_hazing_becter, uniq_eustachio

Skill      XL: |  1  2  3  4  5 |
---------------+----------------+-----
Shields        | 4 |  4.3
Maces & Flails | 3 |  3.5
Dodging        | 1 |  1.1
Armour         | 4 |  4.0
Fighting       | |  3.8
Stealth        | |  0.2

Action                   |  1- 3 |  4- 6 || total
-------------------------+-------+-------++-------
Melee: Flail             |   149 |    98 ||   247
  Use: Scroll            |     2 |     2 ||     4
  Eat: Fruit             |     3 |       ||     3
       Beef jerky        |       |     1 ||     1
       Bread ration      |       |     1 ||     1
Armor: Scale mail        |    96 |       ||    96
       Ring mail         |    18 |    49 ||    67
Dodge: Dodged            |    59 |    40 ||    99
Block: Shield            |    94 |    62 ||   156
